 Dungeon Crawl Stone Soup version 0.27-a0-1046-g98bf31544f (webtiles) character file.

Game seed: 17076590131481155545

8652 voltaire321 the Zephyrmancer (level 11, -2/92 HPs)
             Began as a Black Draconian Venom Mage on Apr 19, 2021.
             Was a Follower of Sif Muna.
             Slain by a kobold brigand
             ... wielding a +0 short sword of protection
              (3 damage)
             ... on level 10 of the Dungeon on Apr 20, 2021.
             The game lasted 01:07:07 (13831 turns).

voltaire321 the Zephyrmancer (DrVM)                Turns: 13831, Time: 01:07:08

Health: -2/92      AC:  9    Str: 14    XL:     11   Next: 12%
Magic:  21/21      EV: 14    Int: 29    God:    Sif Muna [*.....]
Gold:   2700       SH:  5    Dex: 11    Spells: 9/23 levels left

rFire    . . .     SeeInvis .   e - +2 dagger (elec)
rCold    . . .     Faith    .   (no shield)
rNeg     . . .     Spirit   .   (armour unavailable)
rPois    .         Reflect  +   (helmet restricted)
rElec    +         Harm     .   (no cloak)
rCorr    .         Rampage  .   t - +0 pair of gloves of the Zebra {Str+3 Int+4}
Will     .....                  r - +0 pair of boots
Stlth    ++........             s - amulet of reflection
HPRegen  0.25/turn              w - +6 ring of intelligence
MPRegen  0.17/turn              (no ring)

@: no status effects
A: breathe lightning, AC +7, unfitting armour, electricity resistance,
cold-blooded
a: Breathe Lightning, Renounce Religion, Channel Magic


You were on level 10 of the Dungeon.
You worshipped Sif Muna.
Sif Muna was aware of your devotion.
You visited 2 branches of the dungeon, and saw 11 of its levels.
You also visited: Ossuary.

You collected 2700 gold pieces.

Inventory:

Hand Weapons
 d - a +3 dagger of freezing
 e - a +2 dagger of electrocution (weapon)
Missiles
 C - a curare-tipped dart
Armour
 r - a +0 pair of boots (worn)
 t - the +0 pair of gloves of the Zebra (worn) {Str+3 Int+4}
   (You acquired it on level 8 of the Dungeon)

   It affects your strength (+3).
   It affects your intelligence (+4).
Jewellery
 k - a ring of fire
 s - an amulet of reflection (around neck)
 w - a +6 ring of intelligence (left hand)
Wands
 p - a wand of digging (4)
 x - a wand of iceblast (7)
 z - a wand of mindburst (18)
 A - a wand of flame (42)
Scrolls
 f - a scroll of silence
 l - 7 scrolls of magic mapping
 m - 2 scrolls of identify
 o - a scroll of brand weapon
Potions
 a - 2 potions of attraction {unknown}
 b - 2 potions of haste {unknown}
 c - a potion of invisibility
 h - 2 potions of ambrosia
 j - 3 potions of brilliance
 n - 2 potions of might {unknown}
 q - a potion of flight
 u - a potion of mutation
 v - 4 potions of curing {unknown}
 D - a potion of resistance


   Skills:
 + Level 7.6 Fighting
 - Level 0.1 Short Blades
 + Level 6.7 Dodging
 - Level 1.9 Stealth
 + Level 6.8 Spellcasting
 - Level 5.0 Transmutations
 + Level 8.0 Air Magic
 + Level 8.0 Poison Magic
 + Level 5.3 Invocations


You had 9 spell levels left.
You knew the following spells:

 Your Spells              Type           Power      Damage    Failure   Level
a - Sting                 Tmut/Pois      100%       1d8       1%          1
b - Poisonous Vapours     Pois/Air       100%       N/A       1%          2
c - Olgreb's Toxic Radia  Pois           54%        N/A       1%          4
d - Ignite Poison         Fire/Tmut/Pois 35%        N/A       2%          3
e - Airstrike             Air            27%        N/A       1%          4

Your spell library contained the following spells:

 Spells                   Type           Power      Damage    Failure   Level
 Beastly Appendage        Tmut           76%        N/A       1%          1
 Shock                    Conj/Air       100%       1d9       1%          1
 Static Discharge         Conj/Air       33%        N/A       1%          2
 Wereblood                Tmut           38%        N/A       1%          2
 Mephitic Cloud           Conj/Pois/Air  41%        N/A       1%          3
 Spider Form              Tmut/Pois      23%        N/A       1%          3
 Swiftness                Air            54%        N/A       1%          3
 Apportation              Tloc           18%        N/A       5%          1
 Alistair's Intoxication  Tmut/Pois      31%        N/A       10%         5
 Lesser Beckoning         Tloc           4%         N/A       16%         3
 Tukima's Dance           Hex            9%         N/A       16%         3
 Ice Form                 Ice/Tmut       24%        N/A       19%         4
 Hydra Form               Tmut           19%        N/A       19%         5
 Lightning Bolt           Conj/Air       16%        1d30      28%         5
 Statue Form              Tmut/Erth      16%        N/A       96%         6
 Invisibility             Hex            9%         N/A       100%        6
 Simulacrum               Ice/Necr       4%         N/A       100%        6


Dungeon Overview and Level Annotations

Branches:
Dungeon (10/15)            Temple (1/1) D:7            Lair (0/6) D:9
Ossuary (visited)
    Orc: D:9-12

Altars:
Ashenzari
Cheibriados
Dithmenos
Elyvilon
Fedhas
Gozag
Hepliaklqana
Kikubaaqudgha
Makhleb
Nemelex Xobeh
Okawaru
Qazlal
Ru
Sif Muna
Trog
Uskayaw
Vehumet
Wu Jian
Xom
Yredelemnul
Zin
The Shining One

Shops:
D:5 (


Innate Abilities, Weirdness & Mutations

You can breathe wild blasts of lightning.
Your glossy black scales are hard. (AC +7)
You cannot fit into any form of body armour.
You are resistant to electric shocks. (rElec)
You are cold-blooded and may be slowed by cold attacks.


Message History

You block the centaur warrior zombie's attack.
The centaur warrior zombie closely misses you.
You hit the centaur warrior zombie.
The centaur warrior zombie is almost destroyed.
The centaur warrior zombie completely misses you.
The centaur warrior zombie kicks you but does no damage.
You barely miss the centaur warrior zombie.
The centaur warrior zombie is almost destroyed.
The centaur warrior zombie hits you but does no damage.
You block the centaur warrior zombie's attack.
You barely miss the centaur warrior zombie.
The centaur warrior zombie is almost destroyed.
The centaur warrior zombie misses you.
The centaur warrior zombie closely misses you.
The centaur warrior zombie hits you but does no damage.
The centaur warrior zombie kicks you but does no damage.
You hit the centaur warrior zombie but do no damage.
The centaur warrior zombie is almost destroyed.
You block the centaur warrior zombie's attack.
The centaur warrior zombie kicks you but does no damage.
You hit the centaur warrior zombie.
The centaur warrior zombie is almost destroyed.
The centaur warrior zombie closely misses you.
The centaur warrior zombie misses you.
You hit the centaur warrior zombie.
You destroy the centaur warrior zombie!
Sif Muna accepts your kill.
Your Air Magic skill increases to level 8!
Your Poison Magic skill increases to level 8!
A kobold brigand comes into view.
It is wielding a +0 short sword of protection and quivering curare-tipped darts.
The kobold brigand hits you with a +0 short sword of protection.
* * * LOW HITPOINT WARNING * * *
Okay, then.
Okay, then.
Aiming: Mindburst
Press: ? - help, Shift-Dir - straight line, f - kobold brigand
Aim: a kobold brigand, wielding a +0 short sword of protection and quivering curare-tipped darts (chance to affect: 65%)
The kobold brigand's mind is blasted!!
The kobold brigand hits you with a +0 short sword of protection.
You die...

###################
#..@K..............
#..#..###.....###.
#..#..# #..#..#
#..#..# #Z.#..#
#..#..# #..#..#
#..#..# #..#..#
#..#..# #.....#
#..#..# #.....#
#..# #.# #.#


You could see a kobold brigand.

Vanquished Creatures
  A boulder beetle (D:10)
  A two-headed ogre (D:9)
  A manticore (D:9)
  3 centaur zombies (D:10)
  4 shadows
  6 yaks (D:9)
  3 wraiths
  A wyvern (D:10)
  A vampire mosquito (D:10)
  A steam dragon (D:8)
  The ghost of Zeld the Conjurer, an amateur OpCj (D:3)
  A water moccasin (D:9)
  3 orc warriors
  2 sky beasts (D:7)
  A black bear (D:6)
  2 ogres (D:5)
  4 centaurs
  Blork the orc (D:5)
  3 kobold brigands
  2 bullfrogs
  2 scorpions
  A wyvern skeleton (D:7)
  2 killer bees
  7 wights
  2 howler monkeys (D:10)
  A hound (D:5)
  2 centaur skeletons
  A gnoll shaman (D:5)
  11 orc priests
  Natasha (thrice) (D:3)
  6 orc wizards
  A hound zombie (D:3)
  4 howler monkey zombies
  8 gnolls
  7 adders
  A white imp (D:6)
  An ufetubus (D:4)
  3 adder zombies (Ossuary)
  4 dart slugs
  34 orcs
  11 ball pythons
  10 bats
  10 endoplasms
  4 giant cockroaches
  9 hobgoblins
  12 jackals
  21 kobolds
  4 quokkas
  3 ball python skeletons (Ossuary)
  A frilled lizard (D:2)
  5 goblins
  3 orc skeletons (Ossuary)
  An orc zombie (Ossuary)
  A quokka zombie (D:7)
  9 rats
  A rat zombie (D:7)
248 creatures vanquished.

Vanquished Creatures (others)
  2 plants (D:1)
2 creatures vanquished.

Grand Total: 250 creatures vanquished

Notes
Turn   | Place    | Note
-------+----------+-------------------------------------------
     0 | D:1      | voltaire321 the Draconian Venom Mage began the quest for
                  | the Orb.
     0 | D:1      | Reached XP level 1. HP: 14/14 MP: 3/3
   349 | D:1      | Reached XP level 2. HP: 20/20 MP: 0/5
   597 | D:1      | Found a faded altar of an unknown god.
   736 | D:1      | Reached XP level 3. HP: 26/26 MP: 4/6
  1026 | D:2      | Learned a level 2 spell: Poisonous Vapours
  1382 | D:2      | Reached XP level 4. HP: 34/34 MP: 4/7
  1481 | D:2      | Reached skill level 1 in Fighting
  2372 | D:3      | Noticed Natasha
  2379 | D:3      | Killed Natasha
  2380 | D:3      | Reached skill level 1 in Air Magic
  2380 | D:3      | Reached XP level 5. HP: 40/40 MP: 7/9
  2540 | D:3      | Noticed Natasha
  2543 | D:3      | Killed Natasha
  2867 | D:3      | You fall into a shaft and drop 3 floors!
  3118 | D:6      | Reached XP level 6. HP: 44/48 MP: 5/10
  3380 | D:5      | Entered Level 5 of the Dungeon
  3503 | D:5      | Noticed Blork the orc
  3515 | D:5      | Killed Blork the orc
  3516 | D:5      | Your scales start taking on a glossy black colour.
  3516 | D:5      | Reached XP level 7. HP: 38/56 MP: 1/12
  3516 | D:5      | Gained mutation: You are resistant to electric shocks.
                  | (rElec) [Black Draconian growth]
  3715 | D:4      | Learned a level 4 spell: Olgreb's Toxic Radiance
  3719 | D:4      | Learned a level 3 spell: Ignite Poison
  4018 | D:3      | Noticed Natasha
  4028 | D:3      | Killed Natasha
  4157 | D:3      | Found a runed translucent gate.
  4158 | D:3      | Found a runed translucent gate.
  4158 | D:3      | Found a runed translucent gate.
  4159 | D:3      | Found an opulent altar of Gozag.
  4160 | D:3      | Noticed Zeld's ghost (amateur OpCj)
  4194 | D:3      | Killed Zeld's ghost
  4787 | D:4      | Identified a scroll of acquirement
  4787 | D:4      | Acquired 896 gold pieces
  4808 | D:4      | Acquired 1137 gold pieces
  5732 | D:5      | Reached skill level 5 in Poison Magic
  6192 | D:5      | Found Umemey's Weapon Shop.
  6334 | D:5      | Reached XP level 8. HP: 53/66 MP: 10/14
  7511 | D:7      | Found a sand-covered staircase.
  7520 | Ossuary  | Entered an ossuary
  7888 | Ossuary  | Noticed a flying skull
  7896 | Ossuary  | Noticed a flying skull
  7913 | Ossuary  | Noticed a flying skull
  7954 | Ossuary  | Noticed a flying skull
  8195 | Ossuary  | Noticed a flying skull
  8447 | D:7      | Reached skill level 5 in Fighting
  8447 | D:7      | Reached skill level 5 in Air Magic
  8447 | D:7      | Reached XP level 9. HP: 30/74 MP: 13/16
  8792 | D:7      | Found a staircase to the Ecumenical Temple.
  8815 | D:7      | Reached skill level 5 in Spellcasting
  8863 | Temple   | Entered the Ecumenical Temple
  8937 | Temple   | Became a worshipper of Sif Muna the Loreminder
  9319 | D:7      | Reached skill level 5 in Transmutations
  9706 | D:7      | Learned a level 4 spell: Airstrike
  9929 | D:8      | Reached skill level 1 in Invocations
 10314 | D:8      | Acquired the +0 pair of gloves of the Zebra {Str+3 Int+4}
 10380 | D:8      | Reached skill level 5 in Dodging
 10644 | D:8      | Reached * piety under Sif Muna
 11068 | D:9      | Noticed a cyclops
 11115 | D:9      | Noticed a black mamba
 11115 | D:9      | Noticed a centaur warrior
 11115 | D:9      | Noticed a freezing wraith
 11116 | D:9      | Noticed a five-headed hydra
 11116 | D:9      | Noticed a deep elf pyromancer
 11116 | D:9      | Noticed a centaur warrior
 11116 | D:9      | Noticed a deep elf pyromancer
 11116 | D:9      | Noticed a white ugly thing
 11124 | D:9      | Noticed a manticore
 11125 | D:9      | Noticed a two-headed ogre
 11126 | D:9      | Noticed a freezing wraith
 11130 | D:9      | Killed a manticore
 11132 | D:9      | Noticed a salamander
 11132 | D:9      | a black mamba changed into a salamander
 11166 | D:9      | a salamander changed into a tarantella
 11174 | D:9      | Noticed a troll
 11174 | D:9      | a tarantella changed into a troll
 11193 | D:9      | Noticed an orb spider
 11193 | D:9      | a troll changed into an orb spider
 11199 | D:9      | Noticed a meliai
 11199 | D:9      | an orb spider changed into a meliai
 11354 | D:9      | Found a staircase to the Lair.
 11516 | D:9      | Noticed a two-headed ogre
 11538 | D:9      | Found a white marble altar of Elyvilon.
 12147 | D:9      | Killed a two-headed ogre
 12148 | D:9      | Reached XP level 10. HP: 84/84 MP: 10/18
 12303 | D:9      | Identified Xeruu's Incunabulum of Shifting Cold
 12608 | D:10     | Entered Level 10 of the Dungeon
 12953 | D:10     | Noticed a boulder beetle
 13147 | D:10     | Killed a boulder beetle
 13304 | D:10     | Reached skill level 5 in Invocations
 13457 | D:10     | Reached XP level 11. HP: 90/92 MP: 21/21
 13794 | D:10     | HP: 1/92 [freezing wraith (12)]
 13815 | D:10     | HP: 4/92 [centaur warrior zombie (3)]
 13821 | D:10     | HP: 3/92 [centaur warrior zombie (1)]
 13830 | D:10     | HP: 1/92 [kobold brigand/+0 short sword of protection (4)]
 13831 | D:10     | Slain by a kobold brigand

Illustrated notes

Levels and vault maps discovered:
D:1:      tarquinn_simple_flora_water_c, layout_rooms, basic_ecumenical_altar
D:2:      layout_loops_ring, kennysheep_generic_room_7
D:3:      layout_loops_corners, ebering_ghost_gozag, uniq_natasha
D:4:      minmay_evil_eye, layout_basic
D:5:      layout_loops_ring, serial_shops, shop, st_stairs_2,
          kennysheep_generic_room_14, uniq_blork_the_orc
D:6:      layout_loops_corners
D:7:      layout_basic, minmay_temple_entry_butterflies, enter_ossuary_4,
          grunt_ministairs_10, kennysheep_generic_room_15
D:8:      layout_gridville
D:9:      layout_layer_cave, elyvilon_altar_4, lair_entry_dummy, minivault_12
D:10:     hangedman_screamer, layout_long_grid, onia_ninara_cookie
Temple:   kilobyte_greek_temple

Skill      XL: |  1  2  3  4  5  6  7  8  9 10 11 |
---------------+----------------------------------+-----
Dodging        | 2 3 4 5 6 |  6.7
Fighting       | 1 2 3 5 6 7 |  7.6
Poison Magic   | 4 5 7 8 |  8.0
Air Magic      | 1 2 3 5 6 7 8 |  8.0
Spellcasting   | 3 4 5 6 |  6.8
Transmutations | 2 3 4 5 |  5.0
Invocations    | 3 5 |  5.3
Short Blades   | |  0.1
Stealth        | |  1.9

Action                   |  1- 3 |  4- 6 |  7- 9 | 10-12 || total
-------------------------+-------+-------+-------+-------++-------
Melee: Dagger            |    57 |    84 |   356 |   136 ||   633
       Unarmed           |     4 |       |       |       ||     4
       Tailslap          |     2 |     2 |    29 |    21 ||    54
 Cast: Sting             |    53 |    50 |    68 |    12 ||   183
       Poisonous Vapours |     3 |    11 |    57 |     9 ||    80
       Ignite Poison     |       |       |     5 |     3 ||     8
       Olgreb's Toxic Ra |       |       |     2 |     5 ||     7
       Airstrike         |       |       |     2 |     9 ||    11
 Abil: Breathe Lightning |       |       |     5 |     1 ||     6
Evoke: Wand              |       |       |       |     1 ||     1
  Use: Scroll            |       |       |    21 |     7 ||    28
       Potion            |       |       |     1 |     1 ||     2
 Stab: Sleeping          |       |     1 |     2 |       ||     3
       Distracted        |       |       |     1 |       ||     1
Armor: Skin              |    29 |    25 |   122 |    91 ||   267
Dodge: Dodged            |    60 |    54 |   187 |   123 ||   424
Block: Other             |       |       |    61 |    46 ||   107
       Reflection        |       |       |     8 |       ||     8

Table legend: (Time is in decaauts)
 A = Elapsed time spent in this place.
 B = Non-inter-level travel time spent in this place.
 C = Inter-level travel time spent in this place.
 D = Time resting spent in this place.
 E = Time spent auto-exploring this place.
 F = Levels seen in this place.
 G = Mean time per level.
                   A        B        C        D        E       F      G
               +--------+--------+--------+--------+--------+-----+--------+
         Total |  13868 |  13466 |    402 |   3642 |   6961 |  12 | 1155.7 |
       Dungeon |  12839 |  12437 |    402 |   3246 |   6661 |  10 | 1283.9 |
        Temple |    113 |    113 |      0 |      0 |     46 |   1 |  113.0 |
       Ossuary |    916 |    916 |      0 |    396 |    254 |   1 |  916.0 |
               +--------+--------+--------+--------+--------+-----+--------+

Top non-repeatable levels by time:
     D:9: 1963 daAuts
     D:7: 1597 daAuts
     D:5: 1554 daAuts
     D:3: 1498 daAuts
     D:2: 1266 daAuts
     D:4: 1191 daAuts
     D:8: 1065 daAuts
     D:1: 984 daAuts
 Ossuary: 916 daAuts
     D:6: 914 daAuts
    D:10: 802 daAuts
  Temple: 113 daAuts
